 Dungeon Crawl Stone Soup version 0.18-a0-987-g0b0e4e7 (webtiles) character file.

385306 JokEr the Phalangite (level 22, -1/200 HPs)
             Began as a Merfolk Fighter on Jan 2, 2016.
             Was the Champion of Okawaru.
             Killed from afar by a deep elf annihilator (63 damage)
             ... with an iron shot
             ... on level 3 of the Elven Halls on Jan 3, 2016.
             The game lasted 03:25:28 (53731 turns).

JokEr the Phalangite (Merfolk Fighter)             Turns: 53731, Time: 03:25:33

Health: -1/200     AC: 34    Str: 29    XL:     22   Next: 98%
Magic:  31/31      EV: 23    Int: 18    God:    Okawaru [******]
Gold:   707        SH: 26    Dex: 20    Spells: 0 memorised, 21 levels left

rFire  + + .     SeeInvis +     C - +8 demon trident (flame)
rCold  + . .     Gourm    .     o - +10 plate armour of the Commoners {Dex+2}
rNeg   + + +     Faith    .     g - +6 large shield of Duck's Teeth {+Inv rN+}
rPois  .         Spirit   .     (no helmet)
rElec  .         Dismiss  .     d - +2 cloak {MR+}
rCorr  .         Reflect  .     J - +0 pair of gloves "Xuim" {Int+5 Dex+3}
SustAt .         Harm     .     (no boots)
MR     +++..                    l - amulet of Dibuenej {rF+ MR+ Regen+ Int+4}
Stlth  ..........               X - +3 ring of evasion
                                B - ring of Insomnia {rN++ Str+4 SInv}

@: finesse, extremely resistant to hostile enchantments, extremely unstealthy
A: change form in water, swift swim, iridescent scales 1, agile 1, cold
resistance 1, deterioration 1, fire resistance 1
a: Heroism, Finesse, Renounce Religion, Evoke Invisibility
}: 2/15 runes: barnacled, gossamer


You were on level 3 of the Elven Halls.
You worshipped Okawaru.
Okawaru was exalted by your worship.
You were not hungry.

You visited 8 branches of the dungeon, and saw 41 of its levels.
You visited 1 bazaar.
You also visited: Ossuary, Volcano and Wizlab.

You collected 4970 gold pieces.
You spent 4263 gold pieces at shops.

Inventory:

Hand Weapons
 C - a +8 demon trident of flaming (weapon)
Missiles
 E - 17 javelins of penetration (quivered)
Armour
 d - a +2 cloak of magic resistance (worn)
 g - the +6 large shield of Duck's Teeth (worn) {+Inv rN+}
   (You bought it in a shop in a bazaar)

   It protects you from negative energy.
   It lets you turn invisible.
 o - the +10 plate armour of the Commoners (worn) {Dex+2}
   (Okawaru gifted it to you on level 1 of the Vaults)

   It affects your dexterity (+2).
 J - the +0 pair of gloves "Xuim" (worn) {Int+5 Dex+3}
   (You found it on level 7 of the Lair of Beasts)

   It affects your intelligence (+5).
   It affects your dexterity (+3).
Jewellery
 b - an uncursed amulet of resist corrosion
 l - the amulet of Dibuenej (around neck) {rF+ MR+ Regen+ Int+4}
   (You found it on level 6 of the Dungeon)

   [amulet of regeneration]

   It affects your intelligence (+4).
   It protects you from fire.
   It affects your resistance to hostile enchantments.
   It increases your rate of regeneration.
 s - an uncursed ring of poison resistance
 B - the ring of Insomnia (left hand) {rN++ Str+4 SInv}
   (You bought it in a shop on level 2 of the Orcish Mines)

   [ring of strength]

   It affects your strength (+4).
   It greatly protects you from negative energy.
   It lets you see invisible.
 X - a +3 ring of evasion (right hand)
Wands
 x - a wand of invisibility (9/9)
 z - a wand of fireball (15/15)
 U - a wand of heal wounds (9/9)
Scrolls
 a - 3 scrolls of blinking
 i - 3 scrolls of fear
 q - 12 scrolls of remove curse
 u - 5 scrolls of enchant armour
 y - 7 scrolls of magic mapping
 D - 6 scrolls of amnesia
 H - 9 scrolls of teleportation
 I - 2 scrolls of fog
 Y - a scroll of silence
 Z - 2 scrolls of recharging
Potions
 e - 3 potions of brilliance
 p - 4 potions of curing
 t - 6 potions of heal wounds
 v - 2 potions of cure mutation
 w - 5 potions of haste
 A - 3 potions of invisibility
 G - 7 potions of magic
 K - 6 potions of flight
 N - 2 potions of mutation
 O - 5 potions of berserk rage
 P - 2 potions of ambrosia
 Q - 3 potions of might
 R - a potion of agility
 T - 7 potions of resistance
Miscellaneous
 F - a fan of gales
Comestibles
 f - 27 bread rations
 j - 17 beef jerkies
 k - 30 meat rations
 n - 3 slices of pizza


   Skills:
 + Level 23.0 Fighting
 - Level 24.3 Polearms
 - Level 11.2 Armour
 - Level 20.4 Dodging
 - Level 11.4 Shields
 - Level 7.0 Invocations
 - Level 13.0 Evocations


You had 21 spell levels left.
You didn't know any spells.

Dungeon Overview and Level Annotations

Branches:
Dungeon (15/15)            Temple (1/1) D:6            Lair (8/8) D:8
 Shoals (4/4) Lair:6       Spider (4/4) Lair:5        Slime (0/6) Lair:7
    Orc (2/2) D:9             Elf (3/3) Orc:2        Vaults (4/5) D:14
  Crypt (0/3) Vaults:2     Depths (0/5) D:15

Altars:
Ashenzari
Gozag
Kikubaaqudgha
Makhleb
Nemelex Xobeh
Okawaru
Pakellas
Qazlal
Ru
Sif Muna
Vehumet
Xom
Yredelemnul
Zin
The Shining One
Beogh
Jiyva

Shops:
D:4 [   D:7 *   Orc:2 !=[   Elf:1 =   Elf:2 (   Shoals:1 (((:   Vaults:1 *
Vaults:2 ?

Portals:
Trove: Elf:1 (give +5 fire dragon armour)


Innate Abilities, Weirdness & Mutations

You revert to your normal form in water.
You are very nimble and swift while swimming.
You are partially covered in iridescent scales (AC +4).
You are agile. (Dex +2)
Your flesh is cold resistant.
Your body sometimes deteriorates upon taking damage.
Your flesh is heat resistant.


Message History

The deep elf mage misses you.
You hit the deep elf mage. You burn the deep elf mage.
The deep elf mage is almost dead.
The deep elf sorcerer mumbles some strange words.
You impale the deep elf mage!! You burn the deep elf mage.
You kill the deep elf mage!
Okawaru accepts your kill.
The deep elf annihilator casts a spell.
The deep elf annihilator blinks!
You puncture the deep elf annihilator! You burn the deep elf annihilator.
The deep elf annihilator is lightly wounded.
You hit the deep elf annihilator. You burn the deep elf annihilator.
The deep elf annihilator is lightly wounded.
You impale the deep elf annihilator!! You burn the deep elf annihilator!
The deep elf annihilator is severely wounded.
The deep elf demonologist gestures at you while chanting.
You resist with almost no effort.
The deep elf annihilator points at you and mumbles some strange words.
The iron shot hits you!
You die... # ##..# # ##.# 4.e #### ### ee# ...# ..# ...###### ยง.# ........# #### ee#

###.###.# #..####e(#
..#.##).######..).e.3.#
..#.###...#.##.e@)3e..#
...........)))))()...##
..#.###...#(##......##
..#.......(.##.)....#
########.############ #
#.# #.# #.# #.#


You could see 2 deep elf annihilators, a sun demon, a deep elf demonologist, a
deep elf archer, a deep elf high priest and a ynoxinul.

Vanquished Creatures
  Nikola (Vaults:3)
  Arachne (Spider:3)
  A Cloud Mage (WizLab)
  Rupert (Lair:4)
  2 deep elf master archers (Elf:3)
  A sphinx (Vaults:2)
  Polyphemus (Shoals:3)
  Gastronok (D:10)
  A tengu reaver (Vaults:4)
  Kirke (Lair:7)
  A revenant (Vaults:2)
  A storm dragon (Vaults:4)
  A fire giant (Vaults:4)
  Ilsuiw (Shoals:3)
  Wiglaf (Vaults:1)
  6 ghost moths
  10 deep elf sorcerers
  Maud (D:13)
  2 frost giants
  11 vault wardens
  Aizul (Spider:3)
  4 emperor scorpions
  Louise (Elf:1)
  2 ghouls
  4 deep elf elementalists (Elf:3)
  9 ironheart preservers
  8 stone giants
  2 salamander stormcallers
  5 very ugly things (Vaults:4)
  4 deep elf demonologists
  Azrael (D:13)
  7 deep elf annihilators
  A dire elephant (D:15)
  3 spark wasps (Spider:4)
  Snorg (D:13)
  A crystal guardian (Vaults:2)
  3 deep elf death magi
  An ettin (Vaults:2)
  5 merfolk impalers
  6 merfolk javelineers
  11 vault guards
  5 yaktaur captains
  3 deep elf high priests (Elf:3)
  Josephine (D:12)
  A jiangshi (Vaults:2)
  The ghost of 4thArraOfDagon the Spear-Bearer, a journeyman CeAE of Makhleb (Orc:2)
  6 hydras
  A rakshasa (Vaults:2)
  5 entropy weavers
  Harold (Lair:3)
  2 ice dragons
  A small abomination (Vaults:4)
  2 merfolk avatars
  11 ogre magi
  5 satyrs
  3 alligator snapping turtles
  2 death knights
  7 centaur warriors
  3 merfolk aquamancers
  A queen ant (Lair:3)
  3 deep troll earth magi
  2 catoblepae
  A deep troll shaman (Lair:8)
  5 orc high priests (Orc:2)
  5 death yaks
  A tengu warrior (Shoals:1)
  23 dancing weapons
  Urug (Orc:2)
  A vampire mage (Vaults:1)
  Nergalle (D:12)
  Sonja (D:12)
  18 deep elf knights
  4 fire crabs
  16 skeletal warriors
  9 deep trolls
  2 wizards
  9 sea snakes
  A shadow wraith (Vaults:4)
  3 flayed ghosts
  5 unseen horrors
  A lindwurm (Lair:8)
  3 swamp dragons (Lair:6)
  7 hill giants
  A giant orange brain (Vaults:2)
  A kraken simulacrum (Shoals:4)
  11 ironbrand convokers
  9 deep elf archers
  23 orc knights
  8 harpies
  2 phantasmal warriors
  2 harpies (shapeshifter)
  2 oklob plants (Lair:7)
  20 orb spiders
  10 griffons
  A mana viper (shapeshifter) (Vaults:2)
  5 hornets
  34 wolf spiders
  6 manticores
  4 orc sorcerers
  76 deep elf magi
  16 fauns
  3 moths of wrath
  18 cyclopes
  4 salamanders (Vaults:2)
  Maurice (D:12)
  2 water nymphs
  35 ugly things
  The ghost of PeterLawrence the Basher, a novice GrFi (D:5)
  12 sirens
  16 vault sentinels
  A centaur zombie (D:15)
  8 elephants
  6 black mambas
  Joseph (D:8)
  A spiny frog (shapeshifter) (D:14)
  14 spiny frogs
  An ice statue (D:11)
  3 kobold demonologists
  A yaktaur (shapeshifter) (Vaults:2)
  3 fire drakes
  35 yaktaurs
  15 demonic crawlers
  8 komodo dragons
  A tengu conjurer (Shoals:1)
  2 polar bears
  A queen bee (D:13)
  A queen bee (shapeshifter) (Elf:3)
  11 merfolk
  5 freezing wraiths
  17 jumping spiders
  18 two-headed ogres
  5 trolls
  6 wind drakes (WizLab)
  7 boulder beetles
  26 blink frogs
  A tengu simulacrum (Vaults:3)
  7 snapping turtles
  22 slime creatures
  A hornet zombie (D:15)
  25 trapdoor spiders
  57 redbacks
  6 water elementals
  44 air elementals
  32 tarantellas
  Sigmund (D:3)
  A shadow (D:14)
  A wyvern (D:8)
  11 wraiths
  A yak (shapeshifter) (Elf:1)
  40 yaks
  6 fire elementals
  5 hogs (Lair:7)
  3 hungry ghosts
  2 basilisks
  A steam dragon (D:8)
  7 hippogriffs
  13 vampire mosquitoes
  7 wolves (Lair:8)
  A swamp worm (Lair:6)
  10 insubstantial wisps (WizLab)
  6 wargs
  6 large abominations
  19 water moccasins
  Menkaure (D:7)
  21 soldier ants
  2 mottled dragons
  9 porcupines
  2 hell hounds (D:13)
  3 swamp drakes (Lair:6)
  4 sky beasts
  A sky beast (shapeshifter) (Vaults:2)
  3 black bears
  45 orc warriors
  8 wasps
  16 ice beasts
  3 phantoms
  37 ogres
  28 centaurs
  13 crocodiles
  Blork the orc (Orc:2)
  A big kobold (D:15)
  A wyvern zombie (D:10)
  8 elf zombies
  23 giant frogs
  An earth elemental (Elf:1)
  A wyvern skeleton (D:6)
  6 scorpions
  27 killer bees
  A human simulacrum (Vaults:2)
  10 electric eels
  3 wights (D:11)
  2 jellies
  13 crimson imps
  A giant frog zombie (D:6)
  A gnoll shaman (D:9)
  7 hounds
  38 orc priests
  18 orc wizards
  5 centaur skeletons
  4 giant frog skeletons
  Ijyb (D:2)
  11 iguanas
  37 worker ants
  52 sheep
  A hound zombie (D:10)
  A hound skeleton (D:8)
  3 mummies (Ossuary)
  5 gnolls (D:9)
  10 adders
  116 river rats
  4 shadow imps
  3 oozes
  4 adder zombies (Ossuary)
  An adder skeleton (D:4)
  2 worms
  11 giant geckos
  119 orcs
  3 bats
  A giant cockroach (D:1)
  2 gnoll zombies (Ossuary)
  6 goblins
  8 hobgoblins
  15 jackals
  7 quokkas
  2 ball pythons
  2 giant gecko skeletons
  5 giant newts
  6 goblin zombies (Ossuary)
  3 hobgoblin zombies (Ossuary)
  A jackal zombie (D:5)
  12 kobolds
  A kobold zombie (Ossuary)
  A quokka zombie (Ossuary)
  7 rats
  4 fungi
  2 plants (Lair:8)
  A tentacle (Shoals:4)
2003 creatures vanquished.

Vanquished Creatures (others)
  2 orb spiders
  A komodo dragon (Lair:6)
  An orc warrior (Orc:2)
  2 ogres
  A worker ant (Lair:3)
  An orc wizard (D:7)
  3 river rats (Lair:6)
  18 fungi
  19 plants
  3 tentacles (Shoals:4)
  39 tentacle segments (Shoals:4)
90 creatures vanquished.

Grand Total: 2093 creatures vanquished

Notes
Turn   | Place    | Note
--------------------------------------------------------------
     0 | D:1      | JokEr the Merfolk Fighter began the quest for the Orb.
     0 | D:1      | Reached XP level 1. HP: 18/18 MP: 1/1
   100 | D:1      | Reached XP level 2. HP: 24/24 MP: 2/2
   370 | D:1      | Reached skill level 4 in Fighting
   603 | D:1      | Reached XP level 3. HP: 30/30 MP: 3/3
   901 | D:2      | Reached XP level 4. HP: 28/38 MP: 4/4
  1300 | D:2      | Noticed Ijyb
  1316 | D:2      | Killed Ijyb
  1316 | D:2      | Reached skill level 5 in Polearms
  1965 | D:3      | Reached skill level 5 in Fighting
  1965 | D:3      | Reached XP level 5. HP: 41/44 MP: 5/5
  2105 | D:3      | Found an opulent altar of Gozag.
  2160 | D:3      | Noticed Sigmund
  2174 | D:3      | Reached skill level 6 in Polearms
  2198 | D:3      | Killed Sigmund
  2198 | D:3      | Reached skill level 7 in Polearms
  2198 | D:3      | Reached XP level 6. HP: 28/52 MP: 6/6
  2626 | D:3      | Found a basalt altar of Yredelemnul.
  2637 | D:3      | You fall through a shaft for 3 floors!
  2645 | D:5      | Entered Level 5 of the Dungeon
  2645 | D:5      | Noticed PeterLawrence's ghost (novice GrFi)
  2793 | D:5      | Reached XP level 7. HP: 7/59 MP: 7/7
  2798 | D:5      | Found a sparkling altar of Nemelex Xobeh.
  2803 | D:5      | HP: 2/59 [poisoned by a worker ant]
  2809 | D:5      | HP: 1/59 [poisoned by a worker ant]
  2818 | D:5      | HP: 1/88 [poisoned by a worker ant]
  2823 | D:5      | HP: 1/59 [poisoned by a worker ant]
  3530 | D:3      | Found a glowing silver altar of Zin.
  3552 | D:3      | Found an oddly glowing altar of Pakellas.
  3606 | D:3      | Found a sparkling altar of Nemelex Xobeh.
  3614 | D:3      | Reached skill level 8 in Polearms
  4215 | D:4      | Got a jewelled troll leather armour
  4226 | D:4      | Identified the +1 troll leather armour "Rerounum" {+Fly rC++ Regen+ rCorr Str-5} (You found it on level 4 of the Dungeon)
  4746 | D:4      | Found Ilimew's Armour Emporium.
  4865 | D:5      | Reached skill level 9 in Polearms
  5044 | D:5      | Killed PeterLawrence's ghost
  5044 | D:5      | Reached skill level 10 in Polearms
  5044 | D:5      | Reached XP level 8. HP: 68/68 MP: 8/8
  6274 | D:6      | Found a staircase to the Ecumenical Temple.
  6296 | Temple   | Entered the Ecumenical Temple
  6394 | Temple   | Became a worshipper of Warmaster Okawaru
  6422 | D:6      | Noticed a yak
  6433 | D:6      | Killed a yak
  6433 | D:6      | Reached skill level 11 in Polearms
  6719 | D:6      | Reached XP level 9. HP: 62/76 MP: 9/9
  6765 | D:6      | Got a shimmering diamond amulet
  6835 | D:6      | Noticed a hill giant
  7412 | D:6      | Reached skill level 12 in Polearms
  7585 | D:6      | Reached * piety under Okawaru
  8036 | D:6      | Reached skill level 10 in Fighting
  8409 | D:6      | Identified the amulet of Dibuenej {rF+ MR+ Regen+ Int+4} (You found it on level 6 of the Dungeon)
  8764 | D:7      | Found Magg's General Store.
  8767 | D:7      | Bought a potion of cure mutation for 490 gold pieces
  8767 | D:7      | Gained mutation: You are agile. (Dex +2) [potion of mutation]
  8767 | D:7      | Gained mutation: Your flesh is heat resistant. [potion of mutation]
  8767 | D:7      | Gained mutation: You are partially covered in iridescent scales (AC +4). [potion of mutation]
  8912 | D:7      | Noticed Menkaure
  8916 | D:7      | Killed Menkaure
  9094 | D:8      | Noticed Joseph
  9120 | D:8      | Killed Joseph
  9120 | D:8      | Reached ** piety under Okawaru
  9120 | D:8      | Reached skill level 13 in Polearms
  9196 | D:8      | Found a sand-covered staircase.
  9221 | D:8      | Reached XP level 10. HP: 71/87 MP: 7/10
  9322 | Ossuary  | Entered an ossuary
  9480 | Ossuary  | Reached skill level 14 in Polearms
  9568 | D:8      | Reached *** piety under Okawaru
 10074 | D:8      | Reached **** piety under Okawaru
 10126 | D:8      | Found a staircase to the Lair.
 10266 | D:8      | Found a burning altar of Makhleb.
 10493 | D:9      | Got a transparent scale mail
 10507 | D:9      | Identified the +3 scale mail "Mefeofoj" {rN+ Int+5 Stlth+} (You found it on level 9 of the Dungeon)
 10633 | D:9      | Reached skill level 15 in Polearms
 10907 | D:9      | Found a staircase to the Orcish Mines.
 11194 | D:9      | Found an ancient bone altar of Kikubaaqudgha.
 11194 | D:9      | Found a deep blue altar of Sif Muna.
 11643 | D:9      | Reached XP level 11. HP: 92/96 MP: 11/11
 11698 | D:9      | Reached skill level 16 in Polearms
 11886 | D:10     | Entered Level 10 of the Dungeon
 11919 | D:10     | Noticed Sonja
 12177 | D:10     | Reached ***** piety under Okawaru
 12213 | D:10     | Noticed a hill giant
 12231 | D:10     | Killed a hill giant
 12358 | D:10     | Noticed Gastronok
 12375 | D:10     | Received a gift from Okawaru
 12451 | D:10     | Killed Gastronok
 12451 | D:10     | Reached skill level 17 in Polearms
 12653 | D:10     | Paralysed by a wasp for 3 turns
 13012 | D:11     | Got a crude scale mail
 13013 | D:11     | Identified the +1 scale mail of Inviolability {rN+++ MP+9 Dex-3 Stlth-} (You found it on level 11 of the Dungeon)
 13149 | Lair:1   | Entered Level 1 of the Lair of Beasts
 13737 | Lair:1   | Reached XP level 12. HP: 93/108 MP: 12/12
 14142 | Lair:2   | Noticed a four-headed hydra
 14153 | Lair:2   | Killed a four-headed hydra
 14404 | Lair:2   | Received a gift from Okawaru
 14407 | Lair:2   | Got a polished halberd {god gift}
 14638 | Lair:2   | Reached skill level 15 in Fighting
 14655 | Lair:2   | Reached skill level 5 in Armour
 15111 | Lair:2   | Identified the +1 halberd of Daetiosk {freeze, rF- rN+ Str+4} (Okawaru gifted it to you on level 2 of the Lair of Beasts)
 15120 | Lair:3   | Noticed a four-headed hydra
 15339 | Lair:2   | Killed a four-headed hydra
 15339 | Lair:2   | Received a gift from Okawaru
 15755 | Lair:3   | Noticed a six-headed hydra
 15771 | Lair:3   | Killed a six-headed hydra
 15877 | Lair:3   | Reached XP level 13. HP: 117/117 MP: 13/13
 15911 | Lair:3   | Noticed Harold
 15999 | Lair:3   | Killed Harold
 16857 | Lair:4   | Noticed Rupert
 16888 | Lair:4   | Killed Rupert
 16888 | Lair:4   | Received a gift from Okawaru
 18218 | Lair:5   | Reached ****** piety under Okawaru
 18420 | Lair:5   | Found a hole to the Spider Nest.
 19181 | Lair:5   | Gained mutation: Your flesh is cold resistant. [potion of beneficial mutation]
 19200 | Lair:6   | Reached skill level 5 in Shields
 19426 | Lair:6   | Reached XP level 14. HP: 122/126 MP: 14/14
 19662 | Lair:6   | Received a gift from Okawaru
 19767 | Lair:6   | Found a staircase to the Shoals.
 20633 | Lair:7   | Found a viscous altar of Jiyva.
 20633 | Lair:7   | Found a staircase to the Slime Pits.
 20767 | Lair:7   | Noticed Kirke
 20794 | Lair:7   | Killed Kirke
 20815 | Lair:7   | Identified a scroll of acquirement
 20843 | Lair:7   | Got a pair of twisted gloves
 20854 | Lair:7   | Identified the cursed +0 pair of gloves "Xuim" {Int+5 Dex+3} (You found it on level 7 of the Lair of Beasts)
 21165 | Lair:8   | Entered Level 8 of the Lair of Beasts
 21345 | Lair:7   | Reached skill level 10 in Shields
 22258 | Lair:8   | Reached skill level 1 in Dodging
 22531 | Lair:8   | Received a gift from Okawaru
 22745 | Lair:8   | Reached skill level 5 in Dodging
 23456 | D:11     | Reached XP level 15. HP: 130/132 MP: 15/15
 24218 | D:11     | Noticed a frost giant
 24236 | D:11     | Killed a frost giant
 24650 | D:12     | Noticed Nergalle
 24659 | D:12     | Killed Nergalle
 24683 | D:12     | Noticed Maurice
 24691 | D:12     | Killed Maurice
 24717 | D:12     | Noticed Josephine
 24727 | D:12     | Killed Josephine
 24729 | D:12     | Killed Sonja
 24729 | D:12     | Reached skill level 10 in Dodging
 25034 | D:12     | Identified the Disquisition on Noxious Combat Magic
 25111 | D:12     | Reached skill level 1 in Invocations
 25886 | D:13     | Noticed Azrael
 25891 | D:13     | Received a gift from Okawaru
 25915 | D:13     | Killed Azrael
 25915 | D:13     | Reached skill level 5 in Invocations
 25984 | D:13     | Noticed Maud
 25990 | D:13     | Noticed Snorg
 25999 | D:13     | Killed Maud
 26008 | D:13     | Killed Snorg
 26725 | D:14     | Found a gate to the Vaults.
 27372 | D:15     | Entered Level 15 of the Dungeon
 27508 | D:15     | Received a gift from Okawaru
 27560 | D:15     | Reached skill level 18 in Polearms
 27595 | D:15     | Reached XP level 16. HP: 140/140 MP: 21/21
 27787 | D:15     | Found a staircase to the Depths.
 28669 | Orc:1    | Entered Level 1 of the Orcish Mines
 29079 | Orc:1    | Found a roughly hewn altar of Beogh.
 29166 | Orc:2    | Entered Level 2 of the Orcish Mines
 29197 | Orc:2    | Found a staircase to the Elven Halls.
 29221 | Orc:2    | Noticed Urug
 29226 | Orc:2    | Noticed Blork the orc
 29239 | Orc:2    | Killed Urug
 29276 | Orc:2    | Killed Blork the orc
 29392 | Orc:2    | Found a shimmering altar of Xom.
 29690 | Orc:2    | Found a dark tunnel.
 29703 | Volcano  | Entered a volcano
 29719 | Volcano  | Received a gift from Okawaru
 29754 | Volcano  | Received a gift from Okawaru
 30059 | Orc:2    | Noticed 4thArraOfDagon's ghost (journeyman CeAE)
 30074 | Orc:2    | Killed 4thArraOfDagon's ghost
 30692 | Orc:2    | Found Hytwei's Jewellery Boutique.
 30692 | Orc:2    | Found Remuav's Antique Armour Boutique.
 30693 | Orc:2    | Found Kiesk's Food Boutique.
 30693 | Orc:2    | Found Qipytin's Distillery.
 30706 | Orc:2    | Bought a potion of haste for 160 gold pieces
 30706 | Orc:2    | Bought a potion of berserk rage for 80 gold pieces
 30706 | Orc:2    | Bought a potion of haste for 160 gold pieces
 30706 | Orc:2    | Bought a potion of curing for 48 gold pieces
 30706 | Orc:2    | Bought a potion of heal wounds for 80 gold pieces
 30706 | Orc:2    | Bought a potion of might for 64 gold pieces
 30706 | Orc:2    | Bought a potion of curing for 48 gold pieces
 30709 | Orc:2    | Bought the ring of Insomnia {rN++ Str+4 SInv} for 681 gold pieces
 30710 | Orc:2    | Bought a meat ration for 60 gold pieces
 30710 | Orc:2    | Bought a meat ration for 60 gold pieces
 30710 | Orc:2    | Bought 2 fruits for 36 gold pieces
 30710 | Orc:2    | Bought a bread ration for 60 gold pieces
 30710 | Orc:2    | Bought a bread ration for 60 gold pieces
 30710 | Orc:2    | Bought a beef jerky for 18 gold pieces
 30710 | Orc:2    | Bought 2 fruits for 36 gold pieces
 30710 | Orc:2    | Bought a beef jerky for 18 gold pieces
 30710 | Orc:2    | Bought a bread ration for 60 gold pieces
 30710 | Orc:2    | Bought a bread ration for 60 gold pieces
 30710 | Orc:2    | Bought 3 fruits for 54 gold pieces
 30710 | Orc:2    | Bought a meat ration for 60 gold pieces
 31208 | Spider:1 | Entered Level 1 of the Spider Nest
 31618 | Spider:1 | Reached skill level 15 in Dodging
 32160 | Spider:2 | Reached XP level 17. HP: 148/148 MP: 22/22
 32205 | Spider:2 | Received a gift from Okawaru
 32369 | Spider:2 | Reached skill level 1 in Evocations
 32575 | Spider:2 | Reached skill level 5 in Evocations
 32782 | Spider:2 | You fall through a shaft!
 32885 | Spider:3 | Noticed Aizul
 32904 | Spider:3 | Killed Aizul
 33150 | Spider:3 | Upgraded the game from 0.18-a0-971-g0af6217 to 0.18-a0-987-g0b0e4e7
 33304 | Spider:2 | Received a gift from Okawaru
 34004 | Spider:3 | Noticed Arachne
 34025 | Spider:3 | Killed Arachne
 34395 | Spider:4 | Entered Level 4 of the Spider Nest
 34948 | Spider:4 | Reached skill level 10 in Evocations
 34993 | Spider:4 | Received a gift from Okawaru
 35392 | Spider:4 | Reached XP level 18. HP: 155/155 MP: 26/26
 35834 | Spider:4 | Received a gift from Okawaru
 35852 | Spider:4 | Got a faintly glowing spear {god gift}
 36004 | Spider:4 | Identified the +2 spear "Piadet" {freeze, rF+ rC- MR+} (Okawaru gifted it to you on level 4 of the Spider Nest)
 36312 | Spider:4 | Got a gossamer rune of Zot
 37431 | Vaults:1 | Entered Level 1 of the Vaults
 37455 | Vaults:1 | Received a gift from Okawaru
 37923 | Vaults:1 | Noticed Wiglaf
 37970 | Vaults:1 | Killed Wiglaf
 38141 | Vaults:1 | Reached skill level 10 in Armour
 38425 | Vaults:1 | Received a gift from Okawaru
 38533 | Vaults:1 | Got a crystal lajatang {god gift}
 38617 | Vaults:1 | Identified the +1 lajatang of Defenestration {venom, *Noise *Drain rPois Str+6} (Okawaru gifted it to you on level 1 of the Vaults)
 38679 | Vaults:1 | Noticed a Hell Sentinel
 38988 | Vaults:1 | Reached skill level 19 in Polearms
 39003 | Vaults:1 | Received a gift from Okawaru
 39030 | Vaults:1 | Reached XP level 19. HP: 152/162 MP: 28/28
 39868 | Vaults:1 | Received a gift from Okawaru
 39896 | Vaults:1 | Got a faintly glowing plate armour {god gift}
 39933 | Vaults:1 | Identified the +10 plate armour of the Commoners {Dex+2} (Okawaru gifted it to you on level 1 of the Vaults)
 40001 | Vaults:1 | Reached skill level 20 in Polearms
 40277 | Vaults:1 | Found Coqeowoh's Assorted Antiques.
 40285 | Vaults:1 | Bought a potion of curing for 75 gold pieces
 40285 | Vaults:1 | Bought a potion of heal wounds for 125 gold pieces
 40285 | Vaults:1 | Bought a runed cloak for 112 gold pieces
 40828 | Vaults:2 | Gained mutation: Your body sometimes deteriorates upon taking damage. [a neqoxec]
 40861 | Vaults:2 | Reached skill level 21 in Polearms
 41341 | Vaults:2 | Found a staircase to the Crypt.
 41576 | Vaults:2 | Found Qeomon's Magic Scroll Boutique.
 41584 | Vaults:2 | Bought a scroll of teleportation for 54 gold pieces
 41584 | Vaults:2 | Bought a scroll of identify for 36 gold pieces
 41584 | Vaults:2 | Bought a scroll of teleportation for 54 gold pieces
 41584 | Vaults:2 | Bought a scroll of teleportation for 54 gold pieces
 41584 | Vaults:2 | Bought a scroll of identify for 36 gold pieces
 41584 | Vaults:2 | Bought a scroll of identify for 36 gold pieces
 41584 | Vaults:2 | Bought a scroll of teleportation for 54 gold pieces
 41718 | Vaults:2 | Received a gift from Okawaru
 41718 | Vaults:2 | Reached XP level 20. HP: 174/174 MP: 29/29
 42350 | Vaults:2 | Reached skill level 22 in Polearms
 42567 | Vaults:3 | Noticed Nikola
 42593 | Vaults:3 | Killed Nikola
 42851 | Vaults:3 | Found a magical portal.
 42873 | WizLab   | Entered The Chambers of Kaamybbo the Cloud Mage
 43837 | Vaults:3 | Got a brightly glowing glass ring
 43969 | Vaults:3 | Received a gift from Okawaru
 43997 | Vaults:3 | Got a distressingly furry scale mail {god gift}
 44155 | Vaults:3 | Identified the +5 scale mail of the Oligarchy {Regen+} (Okawaru gifted it to you on level 3 of the Vaults)
 44606 | Vaults:3 | Reached skill level 23 in Polearms
 44970 | Vaults:4 | Identified the ring "Gimeip" {rF+ Slay+3} (You found it on level 3 of the Vaults)
 45478 | Vaults:4 | Reached XP level 21. HP: 182/182 MP: 30/30
 45843 | Vaults:4 | Reached skill level 24 in Polearms
 46351 | Vaults:4 | Received a gift from Okawaru
 46846 | Shoals:1 | Entered Level 1 of the Shoals
 46847 | Shoals:1 | Found Tefomotz's Food Boutique.
 46857 | Shoals:1 | Bought a slice of pizza for 16 gold pieces
 46857 | Shoals:1 | Bought a meat ration for 55 gold pieces
 46857 | Shoals:1 | Bought a meat ration for 55 gold pieces
 46857 | Shoals:1 | Bought a meat ration for 55 gold pieces
 46857 | Shoals:1 | Bought a bread ration for 55 gold pieces
 46857 | Shoals:1 | Bought a beef jerky for 16 gold pieces
 46857 | Shoals:1 | Bought a bread ration for 55 gold pieces
 46857 | Shoals:1 | Bought a royal jelly for 22 gold pieces
 46857 | Shoals:1 | Bought a meat ration for 55 gold pieces
 46857 | Shoals:1 | Bought a beef jerky for 16 gold pieces
 46857 | Shoals:1 | Bought a bread ration for 55 gold pieces
 46904 | Shoals:1 | Found Zummum's Weapon Shoppe.
 46945 | Shoals:1 | Found Fanumom's Weapon Shop.
 46948 | Shoals:1 | Found Peohisku's Book Boutique.
 47206 | Shoals:1 | Found Faqaqaim's Antique Weapon Emporium.
 48273 | Shoals:2 | Got a scorched glass ring
 48503 | Shoals:3 | Noticed Ilsuiw
 48532 | Shoals:3 | Killed Ilsuiw
 48553 | Shoals:3 | Noticed Polyphemus
 48573 | Shoals:3 | Killed Polyphemus
 49406 | Shoals:4 | Entered Level 4 of the Shoals
 49406 | Shoals:4 | Found a gateway to a bazaar.
 49642 | Shoals:4 | Got a barnacled rune of Zot
 49797 | Shoals:4 | Reached XP level 22. HP: 170/192 MP: 31/31
 49954 | Shoals:4 | Received a gift from Okawaru
 49962 | Shoals:4 | Got a dazzling plate armour {god gift}
 50465 | Bazaar   | Entered a bazaar
 50478 | Bazaar   | Found Efidim's Jewellery Emporium.
 50478 | Bazaar   | Found Ylylimi's Food Emporium.
 50514 | Bazaar   | Found Kiash's Antique Armour Shoppe.
 50514 | Bazaar   | Found Hirylotu's Book Shoppe.
 50520 | Bazaar   | Bought a brightly glowing large shield for 247 gold pieces
 50554 | Bazaar   | Bought a bread ration for 40 gold pieces
 50554 | Bazaar   | Bought a meat ration for 40 gold pieces
 50554 | Bazaar   | Bought a bread ration for 40 gold pieces
 50554 | Bazaar   | Bought a meat ration for 40 gold pieces
 50554 | Bazaar   | Bought a bread ration for 40 gold pieces
 50554 | Bazaar   | Bought a bread ration for 40 gold pieces
 50554 | Bazaar   | Bought a royal jelly for 16 gold pieces
 50554 | Bazaar   | Bought a meat ration for 40 gold pieces
 50554 | Bazaar   | Bought a bread ration for 40 gold pieces
 50554 | Bazaar   | Bought a slice of pizza for 12 gold pieces
 50554 | Bazaar   | Bought a slice of pizza for 12 gold pieces
 50554 | Bazaar   | Bought a meat ration for 40 gold pieces
 50554 | Bazaar   | Bought a meat ration for 40 gold pieces
 50554 | Bazaar   | Bought a meat ration for 40 gold pieces
 50554 | Bazaar   | Bought a bread ration for 40 gold pieces
 50554 | Bazaar   | Bought a beef jerky for 12 gold pieces
 50670 | Bazaar   | Identified the +4 plate armour of Tulips {*Drain Str+3 Slay+2} (Okawaru gifted it to you on level 4 of the Shoals)
 50709 | Bazaar   | Identified the +6 large shield of Duck's Teeth {+Inv rN+} (You bought it in a shop in a bazaar)
 50711 | Bazaar   | Identified the ring of Ceoforgh {+/*Tele rF+ Stlth+} (You found it on level 2 of the Shoals)
 51080 | Elf:1    | Entered Level 1 of the Elven Halls
 51278 | Elf:1    | Found a portal to a secret trove of treasure.
 51823 | Elf:1    | Noticed Louise
 51830 | Elf:1    | Killed Louise
 51832 | Elf:1    | Got a smoking large shield
 51843 | Elf:1    | Identified the cursed +0 large shield of Fortification {-Cast rF- rN+++ Int+2} (You took it off Louise on level 1 of the Elven Halls)
 51970 | Elf:1    | Found Xisuqomi's Jewellery Shoppe.
 52272 | Elf:2    | Found Isod's Antique Weapon Shop.
 52567 | Elf:2    | Found a runed gate.
 52569 | Elf:2    | Found a runed gate.
 52569 | Elf:2    | Found a runed gate.
 53451 | Elf:3    | Entered Level 3 of the Elven Halls
 53690 | Elf:3    | Received a gift from Okawaru
 53731 | Elf:3    | Killed from afar by a deep elf annihilator

Vault maps used:
D:1:      co_arrival_random_square_maze
D:2:      uniq_iyjb
D:3:      marbit_many_paths, grunt_gozag_breadcrumbs, overflow_temple_1_default,
          overflow_temple_1_default, nemelex_dance_club_becter, uniq_sigmund
D:4:      serial_shops, kennysheep_little_box
D:5:      nemelex_xobeh_ov_fountains_minmay, first_bread
D:6:      hangedman_cross_stitches, temple_pool_a
D:7:      serial_shops, kennysheep_mini_moat, uniq_menkaure
D:8:      lemuel_coloured_pillars_altar, erik_lair_dragon,
          nicolae_ossuary_entry_monument, uniq_joseph
D:9:      gammafunk_temple_overflow_elements, erik_orc_4
D:10:     uniq_sonja, uniq_gastronok
D:11:     minmay_twisted_water, serial_glass, glass_columns_b, glass_columns_c,
          glass_columns_a, glass_columns_b, glass_columns_b, glass_columns_c,
          glass_columns_b, glass_columns_c
D:12:     uniq_nergalle, uniq_maurice, uniq_josephine
D:13:     david_nohive_1, grunt_decor_clamped, uniq_azrael, uniq_snorg,
          uniq_maud
D:14:     david_vaults_5
D:15:     hangedman_depths_entry_try_elsewhere_first, minmay_crystal_water
Temple:   chambers_temple_12
Lair:3:   minivault_29, uniq_harold
Lair:4:   st_stairs_6, uniq_rupert
Lair:5:   spider_nest_entry_a, infiniplex_staircase_pool
Lair:6:   onia_ninara_swampy_vault, elwin_shoals_entry_rooms
Lair:7:   slime_altar_1, uniq_kirke
Lair:8:   grunt_lair_end_beastmaster, serial_bayou_shore_a
Shoals:1: serial_shops, shop, shop_coins, nicolae_shop_statue_plus, shop, shop,
          kb_tengu_band
Shoals:3: nicolae_shoals_stone_sculpture_thing, st_sunken_temple, uniq_ilsuiw,
          uniq_polyphemus
Shoals:4: shoals_end_grunt_ice, shoals_ilsuiw_alternative, serial_shops,
          bzr_in_the_mist
Spider:1: spider_trap, nicolae_spider_webs_and_nodes
Spider:2: nicolae_orb_island
Spider:3: uniq_aizul, uniq_arachne
Spider:4: johnstein_spider_rune_arachne_lair, guppyfry_wasp_nest
Orc:1:    mines2_david
Orc:2:    st_orc_pillars, nicolae_volcano_entry_two_sided, basic_altar,
          sword_in_stone
Elf:1:    eino_elf_arrival_the_gate, serial_shops, nicolae_shop_waterfront,
          enter_trove_0, minmay_elf_necromancy, hangedman_elf_targetted_burst,
          amalloy_card_club, uniq_louise
Elf:2:    serial_shops, shop
Elf:3:    minmay_elf_hall_x
Vaults:1: grunt_vaults_focal, hangedman_vaults_impose, v_misc_2,
          nicolae_vaults_arrows, ontoclasm_vaults_tryst, vaults_room_corners,
          nicolae_vaults_rhombus_5, vaults_mumra_lcd, v_rooms_3,
          hangedman_vaults_hat, v_misc_12, nicolae_vaults_little_squares_4,
          ontoclasm_vaults_decontamination, serial_shops, shop, uniq_wiglaf
Vaults:2: minmay_crypt_entry_simple_statues, ontoclasm_vaults_gateway, v_misc_4,
          v_misc_8, ontoclasm_vaults_ring_square, hangedman_vaults_snaps,
          grunt_vaults_twisty, vaults_mumra_minichess, vaults_dpeg_diagonal,
          vaults_room_pools, nicolae_vaults_little_squares_2,
          nicolae_vaults_border_crossing, nicolae_vaults_shelves_hall,
          serial_shops, nicolae_shop_competitors_out_of_business
Vaults:3: ontoclasm_vaults_spin, nicolae_vaults_diagonal_hallway_6,
          nicolae_vaults_angled_halls, nicolae_vaults_little_squares_2,
          hangedman_vaults_capsules, nicolae_vaults_little_squares_4,
          vaults_dpeg_hooks, v_misc_26, dpeg_vaults_monster_box,
          ontoclasm_vaults_chip, vaults_room_pool,
          lightli_enter_wizlab_magi_temple, uniq_nikola
Vaults:4: v_misc_18, vaults_standard_mumra_lines, ontoclasm_vaults_hangar,
          vaults_room_corners, v_pattern_5, hangedman_vaults_locks,
          ontoclasm_vaults_chip, v_misc_25
Bazaar:   grunt_bazaar_doublecross
Ossuary:  ossuary_minmay_chase
Volcano:  volcano_caves
WizLab:   wizlab_cloud

Action                   |  1- 3 |  4- 6 |  7- 9 | 10-12 | 13-15 | 16-18 | 19-21 | 22-24 || total
-------------------------+-------+-------+-------+-------+-------+-------+-------+-------++-------
Melee: Trident           |    92 |   160 |   485 |   865 |   390 |       |       |       ||  1992
       Spear             |       |       |       |   618 |  1148 |       |       |       ||  1766
       Demon trident     |       |       |       |       |   786 |  2186 |  2083 |   688 ||  5743
Throw: Javelin           |       |    16 |    16 |    35 |    21 |       |       |     3 ||    91
Invok: Heroism           |       |       |     2 |    12 |    15 |    17 |    17 |     2 ||    65
       Finesse           |       |       |       |     2 |     2 |     4 |     5 |     1 ||    14
  Use: Scroll            |     2 |     2 |    15 |    12 |    21 |    18 |    11 |     5 ||    86
       Potion            |       |     5 |     6 |     6 |     8 |    15 |     2 |     2 ||    44
 Stab: Distracted        |       |       |     1 |       |       |       |     1 |       ||     2
       Petrified         |       |       |       |       |     4 |       |       |       ||     4
       Confused          |       |       |       |       |     1 |       |       |       ||     1
       Held in net/web   |       |       |       |       |       |     1 |       |       ||     1
  Eat: Chunk             |       |     2 |     9 |    17 |    22 |    12 |    27 |     2 ||    91
       Bread ration      |       |     1 |     3 |     2 |     1 |       |       |       ||     7
       Royal jelly       |       |       |       |     1 |     4 |     5 |     2 |     1 ||    13
       Pizza             |       |       |       |       |     6 |       |     1 |     3 ||    10
       Fruit             |       |       |       |       |       |    21 |     5 |     5 ||    31
